 Dungeon Crawl Stone Soup version 0.30-a0-222-ge547ba4400 (webtiles) character file.

Game seed: 8968346496979785837

79 qw the Chopper (level 4, -3/28 HPs)
             Began as a Gargoyle Fighter on Oct 8, 2022.
             Slain by Sigmund
             ... wielding a +0 scythe
              (6 damage)
             ... on level 2 of the Dungeon.
             The game lasted 00:00:37 (905 turns).

qw the Chopper (Gargoyle Fighter)                    Turns: 905, Time: 00:00:37

Health: -3/28      AC: 10    Str: 21    XL:     4   Next: 37%
Magic:  4/4        EV: 13    Int:  9    God:
Gold:   29         SH:  5    Dex: 15    Spells: 3/3 levels left

rFire   . . .      SeeInvis .    Y - +1 war axe
rCold   . . .      Faith    .    c - +0 buckler
rNeg    + . .      Spirit   .    b - +0 scale mail
rPois   inf        Reflect  .    (no helmet)
rElec   +          Harm     .    (no cloak)
rCorr   .          Rampage  .    (no gloves)
Will    .....                    (no boots)
Stlth   ..........               (no amulet)
HPRegen 0.24/turn                i - +6 ring of dexterity
MPRegen 0.09/turn                j - +4 ring of evasion

@: no status effects
A: sickness immunity, AC +3, negative energy resistance 1, electricity
resistance, torment resistance 1, petrification resistance
a: no special abilities


You were on level 2 of the Dungeon.
You visited 1 branch of the dungeon, and saw 2 of its levels.

You collected 29 gold pieces.


Innate Abilities, Weirdness & Mutations

You are immune to sickness and miasma.
Your stone body is resilient. (AC +3)
You are immune to poison.
You resist negative energy. (rN+)
You are resistant to electric shocks. (rElec)
You are resistant to unholy torment.
You are immune to petrification.


   Skills:
 - Level 3.2 Fighting
 + Level 3.7 Axes
 - Level 3.2 Armour
 - Level 1.2 Dodging
 - Level 3.2 Shields


You had 3 spell levels left.
You didn't know any spells.
Your spell library was empty.

Inventory:

Hand Weapons
 f - a +0 mace
 Y - a +1 war axe (weapon)
Armour
 b - a +0 scale mail (worn)
 c - a +0 buckler (worn)
Jewellery
 i - a +6 ring of dexterity (left hand)
 j - a +4 ring of evasion (right hand)
 n - a ring of ice
Scrolls
 a - a scroll of identify
Potions
 d - a potion of might
 e - 2 potions of mutation {unknown}
 h - 2 potions of haste {unknown}

Dungeon Overview and Level Annotations

Branches:
Dungeon (2/15)

Altars:

Annotations:
D:2 Sigmund


Message History

Found a scroll of vulnerability.
You hit the endoplasm.
The endoplasm is lightly wounded.
You block the endoplasm's attack.
You slash the endoplasm!
You kill the endoplasm!
An endoplasm comes into view.
The endoplasm quivers.
You slash the endoplasm!
You kill the endoplasm!
Sigmund the Dreaded comes into view.
He is wielding a +0 scythe.
Sigmund shouts!
Sigmund closely misses you.
A bat comes into view.
You hit Sigmund.
Sigmund is lightly wounded.
Sigmund closely misses you.
You hit Sigmund but do no damage.
Sigmund is lightly wounded.
Sigmund gestures wildly while chanting.
Sigmund flickers and vanishes!
Deactivating autopickup; reactivate with Ctrl-A.
Something hits you but does no damage.
You closely miss something. You slash something! Something hits you!
You miss something. Something hits you but does no damage.
You closely miss something.
You hear some strange, mumbled words.
A puff of flame appears from out of thin air!
The puff of flame misses you. Something hits you.
You closely miss something. You hit something. Something hits you!
You barely miss something.
You hear some strange, mumbled words.
A magic dart appears from out of thin air!
The magic dart hits you! Something hits you.
You die...

###..### ##.#.##
.......#####...#
.......##..%...# #
...........)##.# .#
........##.###.# ...
........#..# #.# ##....
....).....####.###.... ..
.......#..##.....{b# #..
..######.#...##.@## #.#.
..## #....## ##..#####.#?#
...####....# ##.#....#...
........##.## #.......#
###.###.##....#####....#.#
#.....#####....##.....#
####.....#####........#
##.##......[.#........
#......#......)...###


You could see a bat.

Vanquished Creatures
  A gnoll (D:1)
  3 adders (D:2)
  9 endoplasms
  2 giant cockroaches (D:1)
  4 goblins (D:1)
  4 hobgoblins
  6 quokkas
  A ball python (D:1)
  A bat (D:1)
  4 frilled lizards (D:1)
  3 kobolds
  A rat (D:2)
39 creatures vanquished.

Notes
Turn   | Place    | Note
-------+----------+-------------------------------------------
     0 | D:1      | qw the Gargoyle Fighter began the quest for the Orb.
     0 | D:1      | Reached XP level 1. HP: 14/14 MP: 1/1
     0 | D:1      | 0 ||| qw: Version: 0.2-a-17-g79969f3
     0 | D:1      | 0 ||| qw: Game counter: 1972
     0 | D:1      | 0 ||| qw: Always use a shield: true
     0 | D:1      | 0 ||| qw: God list: Okawaru
     0 | D:1      | 0 ||| qw: Allow faded altars: false
     0 | D:1      | 0 ||| qw: Do Orc after D:15 true
     0 | D:1      | 0 ||| qw: Do second Lair branch before Depths: true
     0 | D:1      | 0 ||| qw: Lair rune preference: random
     0 | D:1      | 0 ||| qw: Plans: Normal, Zot:1-4, God:TSO, Crypt, Tomb,
                  | Pan, Slime:5, Hells, Abyss, Orb
     0 | D:1      | 0 ||| PLANNING D:1-11
    12 | D:1      | Reached XP level 2. HP: 13/19 MP: 2/2
    56 | D:1      | 56 ||| DROPPING +0 club.
    87 | D:1      | 87 ||| Stepping ~*~*~tactically~*~*~ (stealth).
   226 | D:1      | Reached skill level 3 in Axes
   309 | D:1      | Found a faded altar of an unknown god.
   353 | D:1      | Reached XP level 3. HP: 23/23 MP: 3/3
   639 | D:1      | 639 ||| UPGRADING to +6 ring of dexterity.
   640 | D:1      | 640 ||| UPGRADING to +4 ring of evasion.
   641 | D:1      | 641 ||| READING 2 scrolls labelled OVOODAVAKH.
   642 | D:1      | 642 ||| READING scroll labelled DOESHA WOFOTUG.
   647 | D:1      | 647 ||| READING scroll labelled SIREIL DISMIT.
   648 | D:1      | 648 ||| READING scroll labelled ZEAN JACLOIN.
   782 | D:2      | Reached skill level 1 in Dodging
   782 | D:2      | Reached XP level 4. HP: 28/28 MP: 4/4
   816 | D:2      | 816 ||| Stepping ~*~*~tactically~*~*~ (stealth).
   895 | D:2      | Noticed Sigmund
   905 | D:2      | HP: 3/28 [something/magic dart (7)]
   905 | D:2      | Slain by Sigmund

Levels and vault maps discovered:
D:1:      minmay_arrival_radiant_lines, layout_loops_cross,
          shapermc_ecumenical_altar_venn
D:2:      layout_rooms, minmay_tiny_reverse_x, uniq_sigmund, uniq_robin

Skill      XL: |  1  2  3 |
---------------+----------+-----
Axes           | 2 3 |  3.7
Dodging        | 1 |  1.2
Fighting       | |  3.2
Armour         | |  3.2
Shields        | |  3.2

Action                   |  1- 3 |  4- 6 || total
-------------------------+-------+-------++-------
Melee: War axe           |    89 |    35 ||   124
  Use: Scroll            |     4 |       ||     4
Armor: Scale mail        |    38 |    10 ||    48
Dodge: Dodged            |    34 |    21 ||    55
Block: Buckler           |    21 |     7 ||    28

Table legend:
 A = Non-vault XP
 B = Vault XP
 C = Vault XP percentage of total XP
 D = Non-vault monster count
 E = Vault monster count
 F = Vault count percentage of total count
                 A         B        C        D         E       F
            +---------+---------+-------+---------+---------+-------
      Total |     109 |       4 |   3.5 |      37 |       2 |   5.1
            +---------+---------+-------+---------+---------+-------
        D:1 |      56 |       0 |   0.0 |      26 |       0 |   0.0
        D:2 |      53 |       4 |   7.0 |      11 |       2 |  15.4
            +---------+---------+-------+---------+---------+-------
